AoeStats
← info

Migration

508037865Analyzed
1v1 RM · 12d ago on Sep 20, 2026· 107m 5s· 2 players
Game mode
Random Map
Map size
132×132
Population
200
Speed
Normal
Resources
Standard
Victory
Conquest
Starting age
Dark Age
Ending age
Imperial Age
RankedLock teamsTeams togetherTeam positionsShared explorationLock speedFull tech treeHidden civsTurbo modeCheats
Victory
Defeat
🇧🇪 Cumans · Belgium
316
+9
🇵🇹 Portuguese · Portugal
166
-9
info
12:35 Feudal Age
13:56 Wheelbarrow
13:10 Double-Bit Axe
13:11 Horse Collar
16:00 Gold Mining
22:23 Castle Age
23:19 Fletching
24:19 Hand Cart
23:51 Loom
24:11 Heavy Plow
24:25 Bow Saw
24:15 Bodkin Arrow
26:27 Masonry
26:14 Murder Holes
26:40 Ballistics
30:37 Imperial Age
30:21 Stone Mining
33:29 Crop Rotation
34:04 Two-Man Saw
37:04 Bracer
37:39 Architecture
36:52 Treadmill Crane
38:14 Chemistry
43:13 Forging
43:46 Stone Shaft Mining
43:21 Siege Engineers
43:40 Bombard Tower
46:33 Elite Skirmisher
47:26 Bloodlines
47:17 Husbandry
46:38 Cavalier
48:01 Iron Casting
47:32 Scale Barding Armor
50:43 Siege Engineers
51:41 Blast Furnace
51:03 Chain Barding Armor
50:46 Husbandry
50:08 Cavalier
51:18 Medium Warships
50:33 Elite Caravel
53:32 Plate Barding Armor
53:13 Elite Cannon Galleon
54:20 Heavy Warships
63:41 Light Cavalry
76:09 Padded Archer Armor
westelwoody
2:02 Loom
11:11 Feudal Age
14:06 Double-Bit Axe
23:43 Castle Age
22:22 Wheelbarrow
22:00 Forging
21:51 Scale Mail Armor
21:57 Scale Barding Armor
21:53 Padded Archer Armor
21:45 Fletching
26:05 Squires
27:09 Man-at-Arms
28:02 Capped Ram
31:12 Long Swordsman
32:12 Crossbowman
32:59 Thumb Ring
40:00 Imperial Age
38:39 Hand Cart
39:30 Bow Saw
42:14 Chemistry
41:38 Leather Archer Armor
42:33 Two-Handed Swordsman
44:46 Steppe Husbandry
50:22 Cavalier
52:48 Ballistics
53:10 Medium Warships
57:20 Heavy Warships
58:24 Champion
58:36 Paladin
65:20 Siege Ram
73:13 Elite Kipchak
82:06 Cuman Mercenaries
102:13 Arson
Connection lost

Rejoining the realm…

Still unreachable

The connection could not be restored.

Session expired

The server has moved on; the page needs a fresh start.